[Event "2nd Father Cup Blitz 2023"]
[Site "Rasht"]
[Date "2023.12.07"]
[Round "9.2"]
[White "Khoshkalam, Seyed Mehrab"]
[Black "Salimiyan, Behzad"]
[Result "0-1"]
[ECO "A11"]
[WhiteElo "2266"]
[BlackElo "2111"]
[Annotator "RC"]
[PlyCount "64"]
[EventDate "2023.12.07"]
[EventType "swiss"]
[EventCountry "IRI"]
[SourceTitle "playchess.com"]
[Source "ChessBase"]
[SourceQuality "1"]
[TimeControl "300+2"]

1. Nf3 d5 2. g3 Nf6 3. Bg2 c6 4. O-O Bg4 5. c4 e6 6. cxd5 exd5 7. d3 Be7 8. Qb3 Qb6 9. Qc2 O-O 10. Nc3 Nbd7 11. e4 dxe4 12. dxe4 Rad8 13. Be3 Qa5 14. h3 Bxf3 15. Bxf3 Ne5 16. Be2 Bc5 17. Bg5 Rd6 18. a3 Bd4 19. Kh1 Rfd8 20. b4 Qb6 21. f4 Bxc3 22. Qxc3 Nd3 23. e5 Ne4 24. Bxd8 Qxd8 25. Qc2 Nxg3+ 26. Kg2 Nxf4+ 27. Rxf4 Nxe2 28. exd6 Nxf4+ 29. Kf3 Qf6 30. Qe4 Ne6+ 31. Ke2 Qxa1 32. d7 Qd4 0-1

[Event "2nd Father Cup Blitz 2023"]
[Site "Rasht"]
[Date "2023.12.07"]
[Round "9.3"]
[White "Tahbaz, Arash"]
[Black "Mahdavi, Reza"]
[Result "1-0"]
[ECO "A08"]
[WhiteElo "2423"]
[BlackElo "2312"]
[Annotator "RC"]
[PlyCount "109"]
[EventDate "2023.12.07"]
[EventType "swiss"]
[EventCountry "IRI"]
[SourceTitle "playchess.com"]
[Source "ChessBase"]
[SourceQuality "1"]
[TimeControl "300+2"]

1. Nf3 Nf6 2. g3 g6 3. Bg2 Bg7 4. O-O O-O 5. d3 d5 6. Nbd2 c5 7. e4 dxe4 8. dxe4 Nc6 9. Re1 e5 10. c3 Qc7 11. Qe2 h6 12. b3 Be6 13. Bb2 Rad8 14. Rad1 a6 15. Nf1 Qa5 16. Rxd8 Rxd8 17. Ra1 b5 18. N3d2 h5 19. Ne3 h4 20. a3 h3 21. Bf3 Bh6 22. b4 Qb6 23. Ndf1 a5 24. bxc5 Qxc5 25. Rd1 Rxd1 26. Qxd1 a4 27. Nd5 Bxd5 28. exd5 Na5 29. d6 Nd7 30. Bg4 f5 31. Bxh3 Nc4 32. Bc1 Bxc1 33. Qxc1 Qxd6 34. g4 f4 35. g5 Nc5 36. Qb1 Qc6 37. Bg2 e4 38. Qd1 Qd6 39. Qg4 Ne5 40. Qc8+ Kf7 41. h4 Qc6 42. Qh8 Ke6 43. Nd2 f3 44. Bh3+ Kd5 45. Qg8+ Ne6 46. Nf1 Kc5 47. Qxe6 Qxe6 48. Bxe6 Kd6 49. Ba2 Nd3 50. h5 Ke7 51. h6 Kf8 52. Ng3 Nc5 53. Bb1 Kg8 54. Nxe4 Ne6 55. Bd3 1-0

[Event "2nd Father Cup Blitz 2023"]
[Site "Rasht"]
[Date "2023.12.07"]
[Round "9.4"]
[White "Azadi, Amirmohammad"]
[Black "Mosadeghpour, Masoud"]
[Result "1/2-1/2"]
[ECO "A13"]
[WhiteElo "2250"]
[BlackElo "2473"]
[Annotator "RC"]
[PlyCount "150"]
[EventDate "2023.12.07"]
[EventType "swiss"]
[EventCountry "IRI"]
[SourceTitle "playchess.com"]
[Source "ChessBase"]
[SourceQuality "1"]
[TimeControl "300+2"]

1. c4 Nf6 2. g3 e6 3. Bg2 d5 4. Nf3 Nbd7 5. O-O dxc4 6. Qc2 Nb6 7. a4 a5 8. Na3 Bxa3 9. Rxa3 Nfd5 10. Ne5 Nb4 11. Qc3 O-O 12. Nxc4 N6d5 13. Qb3 c5 14. d3 b6 15. Bd2 Rb8 16. Raa1 Bd7 17. Bc3 Nc6 18. Rfd1 Qg5 19. d4 Nxc3 20. bxc3 cxd4 21. cxd4 Nb4 22. Ne5 Qe7 23. Nxd7 Qxd7 24. d5 exd5 25. Bxd5 Qe7 26. Bf3 Rfd8 27. Kg2 Rxd1 28. Rxd1 Rd8 29. Rc1 g6 30. Qc4 Qd6 31. h4 h5 32. Rc3 Qd4 33. Qb3 Qd1 34. Qxd1 Rxd1 35. Rc8+ Kg7 36. Rb8 Rd6 37. Rc8 Rd4 38. Rc7 Na6 39. Rc6 Rb4 40. Bd5 f5 41. Bc4 Nc5 42. Bb5 Rb2 43. Kf3 Kh6 44. Rd6 Rb3+ 45. Kg2 Rb2 46. Be8 Rxe2 47. Bxg6 Rxf2+ 48. Kg1 Rf3 49. Be8+ Kg7 50. Bxh5 Rxg3+ 51. Kh2 f4 52. Rxb6 Ra3 53. Rg6+ Kh7 54. Rf6 Rxa4 55. Be8 Rd4 56. h5 Rd2+ 57. Kh3 Rd8 58. Bg6+ Kh6 59. Rxf4 a4 60. Rc4 Rd5 61. Bf7 Rf5 62. Bg6 Rd5 63. Bf7 Rf5 64. Bg6 Re5 65. Rc3 Ne6 66. Rc6 Kg7 67. Ra6 Nc5 68. Ra7+ Kh6 69. Kg4 Rg5+ 70. Kh4 Rxg6 71. hxg6 Kxg6 72. Ra5 Nd7 73. Rxa4 Kf6 74. Ra6+ Ke5 75. Re6+ Kxe6 1/2-1/2

[Event "2nd Father Cup Blitz 2023"]
[Site "Rasht"]
[Date "2023.12.07"]
[Round "10.1"]
[White "Maghsoodloo, Parham"]
[Black "Salimiyan, Behzad"]
[Result "1-0"]
[ECO "C42"]
[WhiteElo "2742"]
[BlackElo "2111"]
[Annotator "TA"]
[PlyCount "69"]
[EventDate "2023.12.07"]
[EventType "swiss"]
[EventCountry "IRI"]
[SourceTitle "playchess.com"]
[Source "ChessBase"]
[SourceQuality "1"]
[TimeControl "300+2"]

1. e4 e5 2. Nf3 Nf6 3. Nxe5 d6 4. Nd3 Nxe4 5. Qe2 Qe7 6. Nf4 {[%emt 0:00:01] C42: Petroff Defence: 3 Nxe5 and unusual White 3rd moves.} c6 {[%emt 0:00:00] Repels Nd5} 7. d4 d5 8. f3 {[%emt 0:00:23] The position is equal.} Nd6 9. c3 Bf5 10. g4 {[%emt 0:00:09] [#]} Bd7 $146 ({Predecessor:} 10... Bxb1 11. Rxb1 Nd7 12. h4 O-O-O 13. Kf2 Re8 14. Qxe7 Bxe7 15. b3 g6 16. Bd3 Bf6 {1-0 Quesada Perez,L (2555)-Guerrero Rodriguez,A (1939) Ojinaga Perla del Desierto op 2023 (2)}) 11. h4 a5 12. Kf2 Na6 13. Qxe7+ Bxe7 14. Bd3 Nc7 15. Nd2 Ne6 16. Nf1 f5 17. g5 g6 18. Nxe6 Bxe6 19. Bf4 Nf7 20. Re1 Kd7 21. Ne3 {[%emt 0:00:07] White is more active.} a4 22. c4 {[%emt 0:00:01][%cal Bc3c4,Bc4c5][%mdl 32] cxd5 would be deadly.} Ra5 (22... Bb4 $16) 23. a3 ({White should try} 23. h5 $18) 23... Bd6 {[%emt 0:00:00] [#]} (23... Rf8 $142) 24. Bxd6 $1 $16 Nxd6 25. c5 $36 {[%emt 0:00:01][%mdl 2048] White has strong initiative.} Nf7 {[%emt 0:00:00] Black is weak on the dark squares} (25... Nc4 $16) 26. Ng2 $18 Re8 27. Nf4 {[%emt 0:00:03] h5 is the strong threat.} Raa8 $2 {[%emt 0:00:00] [#]} (27... Nd8 28. h5 Bf7 29. hxg6 hxg6) 28. h5 {[%emt 0:00:10] White is clearly winning.} Nxg5 29. hxg6 hxg6 30. Reg1 ({Not} 30. Nxg6 Rg8 $16) 30... Nf7 (30... Ne4+ $142 31. fxe4 fxe4 32. Rxg6 Re7) 31. Rxg6 ({Less strong is} 31. Nxg6 Rg8 32. Nf4 Raf8 $18) 31... Nd8 32. Nxe6 Nxe6 33. Bxf5 Re7 {[%emt 0:00:04] Against Rh7} 34. Rhh6 (34. Rxe6 $142 Rf7 35. Rf6+ Ke7 36. Rxf7+ Kxf7 37. Rh7+ Kf6 38. Bc2) 34... Rae8 35. Bg4 {[%emt 0:00:04] Weighted Error Value: White=0.06 (flawless) /Black=0.33} 1-0

[Event "2nd Father Cup Blitz 2023"]
[Site "Rasht"]
[Date "2023.12.07"]
[Round "10.2"]
[White "Bashiri, Aryan"]
[Black "Daghli, Arash"]
[Result "0-1"]
[ECO "E01"]
[WhiteElo "2150"]
[BlackElo "2410"]
[Annotator "RC"]
[PlyCount "108"]
[EventDate "2023.12.07"]
[EventType "swiss"]
[EventCountry "IRI"]
[SourceTitle "playchess.com"]
[Source "ChessBase"]
[SourceQuality "1"]
[TimeControl "300+2"]

1. d4 Nf6 2. Nf3 d5 3. c4 e6 4. g3 h6 5. Bg2 Bd6 6. O-O O-O 7. Qc2 b6 8. cxd5 exd5 9. Nc3 Re8 10. Rd1 c6 11. b3 Nbd7 12. Bb2 Ba6 13. Rac1 Rc8 14. e3 Ne4 15. Nxe4 dxe4 16. Nh4 Nf6 17. Bh3 Rc7 18. Bf1 Bc8 19. Qd2 Nd5 20. a3 a5 21. Rc2 Qe7 22. Qc1 Bd7 23. Bc4 Bg4 24. Be2 Bd7 25. Bc4 Rcc8 26. Re1 b5 27. Be2 Qd8 28. Qd1 Be6 29. Bg4 Qd7 30. Bxe6 Qxe6 31. Rd2 Be7 32. Ng2 Qf5 33. Rf1 h5 34. f3 Bf6 35. g4 Qg6 36. h3 exf3 37. Qxf3 hxg4 38. hxg4 Re4 39. Qf5 Qxf5 40. gxf5 Rce8 41. Rc1 Nxe3 42. Rxc6 Nxg2 43. Rxg2 Re2 44. Rc2 R2e3 45. b4 axb4 46. axb4 Rf3 47. d5 Bxb2 48. Rxb2 Rxf5 49. Rbc2 Rxd5 50. Rc7 Rde5 51. Kf1 Re1+ 52. Kf2 R1e2+ 53. Kf3 Rxg2 54. Kxg2 Re4 0-1

[Event "2nd Father Cup Blitz 2023"]
[Site "Rasht"]
[Date "2023.12.07"]
[Round "10.3"]
[White "Mousavi, Seyed Khalil"]
[Black "Tahbaz, Arash"]
[Result "1-0"]
[ECO "D37"]
[WhiteElo "2501"]
[BlackElo "2423"]
[Annotator "RC"]
[PlyCount "81"]
[EventDate "2023.12.07"]
[EventType "swiss"]
[EventCountry "IRI"]
[SourceTitle "playchess.com"]
[Source "ChessBase"]
[SourceQuality "1"]
[TimeControl "300+2"]

1. d4 d5 2. Nf3 Nf6 3. c4 e6 4. Nc3 Be7 5. Bf4 O-O 6. e3 c5 7. dxc5 Bxc5 8. a3 Nc6 9. b4 Be7 10. cxd5 Nxd5 11. Nxd5 Qxd5 12. Qxd5 exd5 13. Rd1 Be6 14. Be2 Bf6 15. O-O Bb2 16. a4 Nxb4 17. Bd6 a5 18. Bxf8 Kxf8 19. Bb5 Rc8 20. Nd4 Ke7 21. Rfe1 Bc3 22. Re2 Bxd4 23. exd4 Kd6 24. h3 g5 25. Re5 h6 26. h4 f6 27. Re3 gxh4 28. Rde1 Bg4 29. Re8 Rxe8 30. Rxe8 Nc2 31. Rd8+ Kc7 32. Rxd5 b6 33. Be8 Nb4 34. Rb5 Kd8 35. Bh5 Bd7 36. Rxb6 Bxa4 37. Rxf6 Bb3 38. Bf7 Bxf7 39. Rxf7 Kc8 40. Rf5 Nc6 41. Rc5 1-0

[Event "2nd Father Cup Blitz 2023"]
[Site "Rasht"]
[Date "2023.12.07"]
[Round "10.4"]
[White "Mahdavi, Reza"]
[Black "Golshaani, Taha"]
[Result "1-0"]
[ECO "B12"]
[WhiteElo "2312"]
[BlackElo "1992"]
[Annotator "RC"]
[PlyCount "57"]
[EventDate "2023.12.07"]
[EventType "swiss"]
[EventCountry "IRI"]
[SourceTitle "playchess.com"]
[Source "ChessBase"]
[SourceQuality "1"]
[TimeControl "300+2"]

1. e4 c6 2. d4 d5 3. e5 Bf5 4. Nf3 e6 5. Be2 Nd7 6. O-O a5 7. a4 f6 8. c4 fxe5 9. dxe5 Bc5 10. Nbd2 Qb6 11. Nb3 Ne7 12. Nxc5 Qxc5 13. Be3 Qb4 14. Rc1 O-O 15. Rc3 Rab8 16. Ba7 Rbd8 17. Rb3 Qxa4 18. Rxb7 Qxd1 19. Rxd1 Ng6 20. cxd5 cxd5 21. Bd4 Nb8 22. Rc1 Nf4 23. Bb5 Be4 24. Rcc7 Rc8 25. Rxg7+ Kh8 26. Be3 Nxg2 27. Kxg2 Bxf3+ 28. Kf1 d4 29. Rxh7+ 1-0

[Event "2nd Father Cup Blitz 2023"]
[Site "Rasht"]
[Date "2023.12.07"]
[Round "11.1"]
[White "Mahdavi, Reza"]
[Black "Maghsoodloo, Parham"]
[Result "0-1"]
[ECO "B47"]
[WhiteElo "2312"]
[BlackElo "2742"]
[Annotator "TA"]
[PlyCount "62"]
[EventDate "2023.12.07"]
[EventType "swiss"]
[EventCountry "IRI"]
[SourceTitle "playchess.com"]
[Source "ChessBase"]
[SourceQuality "1"]
[TimeControl "300+2"]

1. e4 c5 2. Nf3 Nc6 3. d4 cxd4 4. Nxd4 e6 5. Nc3 Qc7 6. Be3 Nf6 7. Ndb5 Qb8 $1 8. Qd2 {[%emt 0:00:28] B47: Sicilian: Taimanov: 5 Nc3 Qc7 6 f4, 6 g3 and 6 Be2.} a6 9. Nd4 {[%emt 0:00:01] [#]} b5 $146 ({Predecessor:} 9... Bb4 10. f3 d5 11. a3 Bxc3 12. Qxc3 Ne7 13. Nb3 dxe4 14. fxe4 O-O 15. O-O-O b5 {1-0 Borisek,J (2576)-Bove,A (2308) Spilimbergo op 16th 2018 (2)}) 10. Nxc6 {[%emt 0:00:12] White has an edge.} dxc6 11. O-O-O Bb7 {[%emt 0:01:16] [#]} 12. g4 $1 {[%emt 0:00:07][%cal Bg2g4,Bg4g5][%mdl 32] Strongly threatening g5.} Qd8 13. Qe2 Qa5 14. g5 Nd7 15. Qf3 {[%emt 0:00:45][%cal Od1d7] Black must now prevent Rxd7!} Rd8 16. Kb1 b4 17. Ne2 c5 (17... Ne5 $5 18. Rxd8+ Qxd8 $14) 18. Nc1 Qc7 19. Bf4 Qc6 (19... e5 $5 20. Be3 Be7 $11) 20. Bc4 (20. Be2 $5 ) 20... Be7 (20... Qxe4 $142 21. Qxe4 Bxe4) 21. Rhe1 $11 Nb6 {[%emt 0:00:08] Dodges Bd5} 22. Rxd8+ Bxd8 23. Bf1 (23. b3 $14) 23... c4 24. Be5 (24. Qe3 $11) 24... O-O $1 $15 25. h4 Nd7 26. Bg3 a5 (26... Nc5 {feels hotter.} 27. Qf4 c3 28. f3 cxb2 29. Nd3 Na4) 27. Rd1 Be7 (27... Qxe4 $2 28. Qxe4 Bxe4 29. Rxd7 $18) 28. Bxc4 {[%emt 0:00:07][%mdl 64] [#] Deflection} Qxc4 (28... Nc5 $5 ) 29. Rxd7 Bxe4 (29... Qxe4 $2 30. Qxe4 Bxe4 31. Rxe7 $18) 30. Qb3 ({Of course not} 30. Qe2 Qxe2 31. Nxe2 Bc5 $15) 30... Qc6 {[%emt 0:00:19] The board is on fire.} 31. Rxe7 $4 (31. Rc7 $11 Qe8 32. Qc4) 31... a4 {[%emt 0:00:01] Weighted Error Value: White=0.24 (precise) /Black=0.09 (flawless)} 0-1

[Event "2nd Father Cup Blitz 2023"]
[Site "Rasht"]
[Date "2023.12.07"]
[Round "11.2"]
[White "Daghli, Arash"]
[Black "Omidi, Arya"]
[Result "1-0"]
[ECO "E01"]
[WhiteElo "2410"]
[BlackElo "2301"]
[Annotator "RC"]
[PlyCount "89"]
[EventDate "2023.12.07"]
[EventType "swiss"]
[EventCountry "IRI"]
[SourceTitle "playchess.com"]
[Source "ChessBase"]
[SourceQuality "1"]
[TimeControl "300+2"]

1. c4 c6 2. Nf3 d5 3. d4 Nf6 4. Qc2 e6 5. g3 Nbd7 6. Bg2 Ne4 7. O-O f5 8. b3 Bd6 9. Ba3 Bxa3 10. Nxa3 Qe7 11. Qb2 a6 12. Nc2 O-O 13. Nce1 b5 14. cxd5 cxd5 15. Nd3 Bb7 16. Rfc1 Rfc8 17. a4 b4 18. a5 Bc6 19. Nfe5 Nxe5 20. Nxe5 Bb5 21. Bxe4 fxe4 22. Qd2 Rc3 23. Rxc3 bxc3 24. Qxc3 Bxe2 25. Re1 Bb5 26. f3 exf3 27. Nxf3 Rf8 28. Kg2 Qf6 29. Qe3 Kh8 30. Qf4 Qd8 31. Qe5 Qxa5 32. Qxe6 Bd3 33. Kh3 Qd8 34. Qe7 Bf5+ 35. g4 Qc8 36. Ne5 Be4 37. Re3 h6 38. Rxe4 dxe4 39. Qxf8+ Qxf8 40. Ng6+ Kg8 41. Nxf8 Kxf8 42. Kg3 g5 43. Kf2 Ke7 44. Ke3 Ke6 45. Kxe4 1-0

[Event "2nd Father Cup Blitz 2023"]
[Site "Rasht"]
[Date "2023.12.07"]
[Round "11.3"]
[White "Khoshkalam, Seyed Mehrab"]
[Black "Mousavi, Seyed Khalil"]
[Result "1-0"]
[ECO "A47"]
[WhiteElo "2266"]
[BlackElo "2501"]
[Annotator "RC"]
[PlyCount "93"]
[EventDate "2023.12.07"]
[EventType "swiss"]
[EventCountry "IRI"]
[SourceTitle "playchess.com"]
[Source "ChessBase"]
[SourceQuality "1"]
[TimeControl "300+2"]

1. Nf3 Nf6 2. d4 e6 3. Bf4 b6 4. e3 Bb7 5. Nbd2 c5 6. Nc4 cxd4 7. Qxd4 d5 8. Nce5 a6 9. Ng5 Nc6 10. Nxc6 Bxc6 11. Be2 Bc5 12. Qd1 O-O 13. c3 Re8 14. Nf3 b5 15. Ne5 Bb7 16. Nd3 Bd6 17. Be5 Bxe5 18. Nxe5 Qc7 19. Nf3 Bc6 20. O-O Rab8 21. Qb3 h6 22. Rfd1 e5 23. Rd2 Ne4 24. Rdd1 a5 25. a3 Nc5 26. Qc2 a4 27. Rf1 Rbd8 28. Rad1 Rd7 29. Ne1 Nb3 30. Nd3 d4 31. cxd4 exd4 32. Nb4 Re6 33. Bg4 Rg6 34. f3 Rdd6 35. Bf5 Rgf6 36. e4 Qe7 37. Rfe1 Qe5 38. g3 g6 39. f4 Qe7 40. e5 Rxf5 41. exd6 Qa7 42. Nxc6 Qb6 43. Ne7+ Kg7 44. Nxf5+ gxf5 45. d7 d3+ 46. Qf2 Nd4 47. Rxd3 1-0

[Event "2nd Father Cup Blitz 2023"]
[Site "Rasht"]
[Date "2023.12.07"]
[Round "11.4"]
[White "Salimiyan, Behzad"]
[Black "Mosadeghpour, Masoud"]
[Result "0-1"]
[ECO "D00"]
[WhiteElo "2111"]
[BlackElo "2473"]
[Annotator "RC"]
[PlyCount "98"]
[EventDate "2023.12.07"]
[EventType "swiss"]
[EventCountry "IRI"]
[SourceTitle "playchess.com"]
[Source "ChessBase"]
[SourceQuality "1"]
[TimeControl "300+2"]

1. d4 Nf6 2. Nf3 g6 3. Nc3 d5 4. Bf4 Bg7 5. Nb5 Na6 6. e3 O-O 7. h3 c5 8. c3 Qb6 9. a4 c4 10. Be2 Bd7 11. b3 Rfc8 12. bxc4 dxc4 13. Rb1 Bf5 14. Rb2 Nd5 15. Qd2 Nxf4 16. exf4 Qa5 17. O-O Qxa4 18. Ne5 Be4 19. f3 Bd5 20. Rfb1 Qa5 21. Ra2 Qd8 22. Ra4 Be6 23. Bxc4 Bxc4 24. Rxc4 Bxe5 25. Rxc8 Bxd4+ 26. Qxd4 Rxc8 27. Nxa7 Qxd4+ 28. cxd4 Rc7 29. Nb5 Rc4 30. Kf2 Rc2+ 31. Kg3 h5 32. h4 Kg7 33. Na7 Rc7 34. Nb5 Rc4 35. Na7 Nb4 36. Nb5 Nd5 37. Rb3 b6 38. Rb1 Rc2 39. Rb3 Rd2 40. Ra3 e6 41. Rb3 Ne7 42. Kh3 Nf5 43. g4 Ne7 44. Kg3 Nd5 45. Ra3 Nf6 46. Ra7 hxg4 47. Nd6 Nh5+ 48. Kxg4 Rg2+ 49. Kh3 Nxf4# 0-1

[Event "2nd Father Cup Blitz 2023"]
[Site "Rasht"]
[Date "2023.12.07"]
[Round "12.1"]
[White "Mosadeghpour, Masoud"]
[Black "Maghsoodloo, Parham"]
[Result "0-1"]
[ECO "B15"]
[WhiteElo "2473"]
[BlackElo "2742"]
[Annotator "TA"]
[PlyCount "44"]
[EventDate "2023.12.07"]
[EventType "swiss"]
[EventCountry "IRI"]
[SourceTitle "playchess.com"]
[Source "ChessBase"]
[SourceQuality "1"]
[TimeControl "300+2"]

1. e4 c6 2. d4 d5 3. Nd2 dxe4 4. Nxe4 Nf6 5. Nxf6+ exf6 6. Bc4 Na6 {[%emt 0:00:06][%cal Bb8a6,Ba6c7,Bc7d5][%mdl 32] B15: Caro-Kann: 3 Nc3: 3...g6 and 3...dxe4 4 Nxe4 Nf6 5 Nxf6+ exf6.} 7. Nf3 Be7 $5 {[%emt 0:00:11][%mdl 4] Exploring less charted territory.} 8. O-O Nc7 {[%emt 0:00:03] [#] The position is equal.} 9. Qd3 $146 ({Predecessor:} 9. h3 O-O 10. Re1 a5 11. a4 Bd6 12. c3 Re8 13. Rxe8+ Qxe8 14. Qc2 Be6 15. Bxe6 Qxe6 {1-0 Karthikeyan,M (2630)-Sasikiran,K (2640) Chess Super League 2021 (2.3)}) 9... O-O 10. Nh4 Re8 (10... b5 $5 11. Bb3 $8 c5 12. dxc5 Qxd3 13. cxd3 Bxc5 $11) 11. c3 $1 Nd5 12. Bd2 Be6 13. f4 b5 14. Bb3 Nb6 $1 15. Bc2 $1 g6 $36 {[%emt 0:00:07][%mdl 2048] [#] aiming for ...f5. Black is more active.} 16. Qg3 {[%emt 0:00:00] Prevents f5.} (16. f5 $11 Bc4 {[%mdl 64] Deflection} 17. Qh3) 16... Bd6 (16... f5 $5 17. Nf3 (17. Nxf5 Bxf5 18. Bxf5 Bh4 $17) 17... Nc4 $15) 17. Bxg6 $2 {[%emt 0:00:00][%mdl 8192] This costs White the game.} fxg6 $19 ({Inferior is} 17... hxg6 18. Nxg6 f5 19. Ne7+ Kf8 20. Nxc6 $17) 18. Nxg6 Qd7 ({Weaker is} 18... hxg6 19. Qxg6+ Kh8 20. Qh6+ Kg8 21. Qg6+ Kh8 22. Qh6+ Kg8 23. Qg6+ $11) 19. Ne5+ Qg7 20. Qxg7+ Kxg7 21. Nxc6 Nc4 {[%emt 0:00:32][%csl LRb2,LRd2] Against Na5. White is weak on the light squares} 22. Rad1 (22. Bc1 $142 Bd5 23. b3) 22... Bg4 {[%emt 0:00:10] Weighted Error Value: White=0.50/Black=0.03 (flawless)} 0-1

[Event "2nd Father Cup Blitz 2023"]
[Site "Rasht"]
[Date "2023.12.07"]
[Round "12.2"]
[White "Khoshkalam, Seyed Mehrab"]
[Black "Daghli, Arash"]
[Result "0-1"]
[ECO "A07"]
[WhiteElo "2266"]
[BlackElo "2410"]
[Annotator "RC"]
[PlyCount "119"]
[EventDate "2023.12.07"]
[EventType "swiss"]
[EventCountry "IRI"]
[SourceTitle "playchess.com"]
[Source "ChessBase"]
[SourceQuality "1"]
[TimeControl "300+2"]

1. Nf3 d5 2. g3 g6 3. Bg2 Bg7 4. O-O e5 5. d3 Nc6 6. Nc3 Nf6 7. e4 dxe4 8. Nxe4 Nxe4 9. dxe4 O-O 10. c3 a5 11. Qc2 h6 12. Be3 Qe7 13. h3 Be6 14. Rfd1 a4 15. Ne1 b6 16. Kh2 Na5 17. Nd3 Nc4 18. Nb4 Nxe3 19. fxe3 Qc5 20. Qe2 c6 21. Rd2 h5 22. Rad1 Bh6 23. Nd3 Qxe3 24. Nxe5 Qxe2 25. Rxe2 Rac8 26. a3 Bg7 27. Nf3 c5 28. Rd6 b5 29. Red2 Rb8 30. Ng5 Bc4 31. Rc6 Rfc8 32. Rxc8+ Rxc8 33. Nf3 Rb8 34. e5 Re8 35. Rf2 Bxe5 36. h4 Bd6 37. Nd2 Bd3 38. Bf3 Kg7 39. Kg2 f5 40. Bc6 Re3 41. Rf3 Rxf3 42. Kxf3 Kf6 43. Ke3 Bc2 44. Kf2 b4 45. Nc4 bxa3 46. Nxa3 Bb3 47. Nb1 f4 48. Nd2 fxg3+ 49. Kg2 Bc2 50. Be4 Bxe4+ 51. Nxe4+ Ke5 52. Nxg3 Kd5 53. Nf1 Kc4 54. Kf3 Kb3 55. Nd2+ Kxb2 56. Nc4+ Kb3 57. Nd2+ Kc2 58. Nc4 Bc7 59. Ne3+ Kb3 60. Nd5 0-1

[Event "2nd Father Cup Blitz 2023"]
[Site "Rasht"]
[Date "2023.12.07"]
[Round "12.3"]
[White "Ahmadi, Erfan"]
[Black "Tahbaz, Arash"]
[Result "0-1"]
[ECO "B01"]
[WhiteElo "2031"]
[BlackElo "2423"]
[Annotator "RC"]
[PlyCount "66"]
[EventDate "2023.12.07"]
[EventType "swiss"]
[EventCountry "IRI"]
[SourceTitle "playchess.com"]
[Source "ChessBase"]
[SourceQuality "1"]
[TimeControl "300+2"]

1. e4 d5 2. exd5 Qxd5 3. Nc3 Qa5 4. d4 Nf6 5. Nf3 c6 6. Bd3 Bg4 7. O-O Nbd7 8. h3 Bh5 9. Bd2 Qc7 10. Qe2 e6 11. Qe3 Be7 12. Rfe1 O-O 13. Ne5 Rad8 14. g4 Bg6 15. Nxg6 hxg6 16. Ne2 c5 17. c3 Nb6 18. Rad1 Rd7 19. Qf3 a6 20. Bf4 Bd6 21. dxc5 Qxc5 22. Bxd6 Rxd6 23. Qxb7 Rfd8 24. Qf3 Nc4 25. b4 Qc7 26. Bc2 Rd2 27. Nd4 R8xd4 28. cxd4 Rxc2 29. Qb3 Rb2 30. Qd3 Nd5 31. Rc1 Qf4 32. Rc2 Nxb4 33. Qxc4 Rxc2 0-1

[Event "2nd Father Cup Blitz 2023"]
[Site "Rasht"]
[Date "2023.12.07"]
[Round "12.4"]
[White "Pourramezanali, Amirreza"]
[Black "Ramezani, Mahan"]
[Result "0-1"]
[ECO "C09"]
[WhiteElo "2500"]
[BlackElo "2307"]
[Annotator "RC"]
[PlyCount "120"]
[EventDate "2023.12.07"]
[EventType "swiss"]
[EventCountry "IRI"]
[SourceTitle "playchess.com"]
[Source "ChessBase"]
[SourceQuality "1"]
[TimeControl "300+2"]

1. e4 c5 2. c3 e6 3. d4 d5 4. exd5 exd5 5. Nf3 Nc6 6. Bb5 Bd6 7. O-O Nge7 8. dxc5 Bxc5 9. Nbd2 O-O 10. Nb3 Bd6 11. Be3 a6 12. Be2 Ng6 13. Re1 Be6 14. Bc5 Re8 15. Bxd6 Qxd6 16. g3 Rad8 17. Qc2 h5 18. Rad1 h4 19. Nbd4 Nxd4 20. Nxd4 Ne5 21. Qd2 Qe7 22. f4 Nc6 23. Nxc6 bxc6 24. Bxa6 Qa7+ 25. Qf2 Qxa6 26. f5 Bd7 27. f6 Qc4 28. Rd4 Rxe1+ 29. Qxe1 Qc5 30. fxg7 Re8 31. Qf2 hxg3 32. hxg3 Re4 33. Qf6 Qe7 34. Qxe7 Rxe7 35. c4 Be6 36. c5 Kxg7 37. a4 Ra7 38. Kf2 Bf5 39. b3 Bc2 40. Rb4 Ra5 41. Ke3 Rxc5 42. Kd4 Ra5 43. Rb6 Bxb3 44. Rxb3 Rxa4+ 45. Ke5 Rc4 46. Rb7 d4 47. g4 c5 48. Rd7 Rc3 49. g5 Rg3 50. Kf4 Rc3 51. Kf5 Rf3+ 52. Ke4 Rg3 53. Kf4 Rg1 54. Rd5 Rc1 55. Kf5 Rc3 56. g6 fxg6+ 57. Kg5 Rg3+ 58. Kf4 Rc3 59. Kg5 Kf7 60. Rd6 d3 0-1

[Event "2nd Father Cup Blitz 2023"]
[Site "Rasht"]
[Date "2023.12.07"]
[Round "13.1"]
[White "Maghsoodloo, Parham"]
[Black "Ramezani, Mahan"]
[Result "1-0"]
[ECO "D35"]
[WhiteElo "2742"]
[BlackElo "2307"]
[Annotator "TA"]
[PlyCount "81"]
[EventDate "2023.12.07"]
[EventType "swiss"]
[EventCountry "IRI"]
[SourceTitle "playchess.com"]
[Source "ChessBase"]
[SourceQuality "1"]
[TimeControl "300+2"]

1. c4 e6 2. Nc3 d5 3. d4 Be7 4. cxd5 exd5 5. Bf4 Nf6 6. e3 O-O 7. Bd3 c6 8. h3 Re8 9. Nf3 Nbd7 10. O-O Bf8 {[%emt 0:00:09] D35: Queen's Gambit Declined: Exchange Variation.} 11. Qc2 Qe7 {[%emt 0:00:18] [#]} 12. Rab1 $146 ({Predecessor:} 12. Nd2 g6 13. Rab1 Bg7 14. b4 a6 15. a4 Nf8 16. Rfc1 Ne6 17. Bh2 Bd7 18. Nf3 {1-0 Dolezal,R (2359)-Nemec,P (2211) CZE-chT1W 1213 2012 (2.3)}) 12... g6 {[%emt 0:04:41] White is slightly better.} 13. b4 {[%emt 0:00:02] White is much more active.} (13. Rbe1 $5 ) 13... Ne4 14. Na4 a5 15. a3 (15. b5 $14) 15... axb4 $11 16. axb4 Qe6 (16... b5 $11 {keeps the balance.} 17. Nc5 Ndxc5 18. bxc5 Bg7) 17. Nc5 $16 Ndxc5 18. bxc5 Qe7 19. Ra1 Bf5 20. Rfb1 h5 21. Qb3 Rec8 22. Bd6 (22. Qxb7 $2 Qxb7 23. Rxb7 Rxa1+ $19) (22. Rxa8 Rxa8 23. Rb2 (23. Qxb7 Qxb7 24. Rxb7 Nxc5 $16) 23... Ra1+ 24. Kh2 (24. Rb1 Rxb1+ 25. Bxb1 Qd7 $14) 24... Bc8) 22... Nxd6 23. cxd6 Qf6 24. Bxf5 ({Resist} 24. Qxb7 $6 Rxa1 25. Rxa1 Bxd6 $11) 24... Qxf5 25. Rxa8 ({Reject} 25. Qxb7 $6 Rxa1 26. Rxa1 Bxd6 $11) 25... Rxa8 26. Qxb7 Rd8 27. Rc1 Bxd6 28. Qxc6 (28. Rxc6 $2 {perishes.} Rb8 $19) 28... Kg7 29. Qc2 {[%emt 0:00:06] aiming for Qxf5.} Qf6 30. Qe2 g5 31. g3 Qf5 {[%emt 0:00:04] [#]} 32. Kg2 (32. h4 $1 $16) 32... g4 ({Black should try} 32... Qe4 $1 $14 33. Kg1 Qf5) 33. Nh4 ({White should play} 33. hxg4 $18 Qxg4 34. Qc2) 33... Qe4+ 34. Kh2 Be7 (34... Rb8 $142) 35. Ng2 Rb8 36. Nf4 Qf5 (36... Rh8 $16 37. Qf1 h4) 37. Qc2 Qg5 (37... Qxc2 38. Rxc2 Rh8 39. Nxd5 Bd6) 38. h4 $18 {[%emt 0:00:02] White is clearly winning.} Qh6 39. Qf5 {[%emt 0:00:02] [#] Strongly threatening Qe5+.} Rh8 40. Rc7 Qd6 41. Nxd5 {[%emt 0:00:04] Weighted Error Value: White=0.14 (very precise) /Black=0.34} 1-0